 Dungeon Crawl Stone Soup version 0.23-a0-577-g2b1de94 (webtiles) character file.

156 Leeroy the Poker (level 5, -1/58 HPs)
             Began as a Merfolk Skald on Dec 14, 2018.
             Slain by a worm (9 damage)
             ... on level 3 of the Dungeon.
             The game lasted 00:08:34 (2080 turns).

Leeroy the Poker (Merfolk Skald)                    Turns: 2080, Time: 00:08:35

Health: -1/58      AC:  5    Str: 17    XL:     5   Next: 38%
Magic:  4/8        EV: 13    Int: 13    God:
Gold:   67         SH:  0    Dex: 13    Spells: 2/8 levels left

rFire    . . .     SeeInvis .   h - +0 spear
rCold    . . .     Gourm    .   (no shield)
rNeg     + . .     Faith    .   j - +2 robe {rN+}
rPois    .         Spirit   .   (no helmet)
rElec    .         Reflect  .   o - +0 cloak
rCorr    .         Harm     .   (no gloves)
MR       .....                  (no boots)
Stlth    ..........             (no amulet)
HPRegen  0.19/turn              (no ring)
MPRegen  0.11/turn              (no ring)

@: berserking, very quick
A: change form in water, swift swim, stealthy swim
a: no special abilities


You were on level 3 of the Dungeon.
You were not hungry.

You visited 1 branch of the dungeon, and saw 3 of its levels.

You collected 67 gold pieces.

Inventory:

Hand Weapons
 a - a +0 falchion
 h - a +0 spear (weapon)
 n - a +1 whip of electrocution
 u - a +0 hunting sling
Missiles
 k - 97 stones (quivered)
 v - 12 sling bullets
 w - 15 arrows
Armour
 b - a +0 leather armour
 e - a +0 chain mail
 j - a +2 robe of positive energy (worn)
 o - a +0 cloak (worn)
Jewellery
 p - an uncursed ring of wizardry {unknown}
Scrolls
 c - a scroll of teleportation {unknown}
 g - 2 scrolls of immolation
 l - a scroll of fog {unknown}
 m - 2 scrolls of amnesia {unknown}
 r - a scroll of random uselessness {unknown}
Potions
 f - a potion of magic {unknown}
 q - a potion of heal wounds {unknown}
 s - a potion of mutation {unknown}
Comestibles
 d - 2 rations
 t - 2 chunks of flesh


   Skills:
 + Level 2.7 Fighting
 * Level 2.7 Long Blades
 * Level 4.1 Polearms
 + Level 1.3 Armour
 + Level 3.1 Dodging
 + Level 1.2 Stealth
 * Level 2.3 Spellcasting
 + Level 3.6 Charms


You had 2 spell levels left.
You knew the following spells:

 Your Spells              Type           Power        Failure   Level  Hunger
a - Infusion              Chrm           ##..         5%          1    #......
b - Shroud of Golubria    Chrm/Tloc      #.........   19%         2    ###....
c - Regeneration          Chrm/Necr      #.........   34%         3    ###....

Your spell library contained the following spells:

 Spells                   Type           Power        Failure   Level  Hunger
 Song of Slaying          Chrm           ##......     9%          2    ###....
 Spectral Weapon          Hex/Chrm       #.......     34%         3    ###....


Dungeon Overview and Level Annotations

Branches:
Dungeon (3/15)

Altars:
Zin


Message History

The worm completely misses you. The giant cockroach barely misses you.
You miss the orc wizard.
The orc wizard is heavily wounded.
The orc wizard looks satisfied for a moment.
The orc priest looks encouraged for a moment.
You puncture the orc wizard!
You kill the orc wizard!
Your Polearms skill increases to level 4!
The giant cockroach bites you but does no damage.
You barely miss the orc.
A giant cockroach comes into view.
The giant cockroach closely misses you. The worm closely misses you.
You barely miss the orc. The orc completely misses you.
An orc comes into view. It is wielding a +0 dagger.
The giant cockroach closely misses you.
The orc shouts!
You hit the orc.
The orc is almost dead.
The orc completely misses you. The worm bites you!
You die...

♣ .....# ..... g.... .....
### .!.. ###....#.## ..# ...
###..........# #.# ##..
........ ...###.# #..
.......#. #..##w## ##.#
.......#..##..##@o###oo#
......# #.......#so##o##
.##..## ####.#...#w##s#
###.########.#.#.#.o#.######.
....................s...w....
...÷...#####.#.##)..o..####..
...÷....## #.#.###.....#
.........# #.#.# #.....#
.........# #.... #.....#


You could see 2 worms, an orc priest, 3 orcs and 2 giant cockroaches.

Vanquished Creatures
  An orc wizard (D:3)
  Jessica (D:2)
  4 gnolls (D:2)
  2 adders (D:2)
  A worm (D:2)
  A dart slug (D:2)
  2 leopard geckos
  3 orcs (D:3)
  4 goblins
  5 jackals
  5 kobolds
  7 bats
  2 frilled lizards (D:2)
  4 rats
  A plant (D:2)
43 creatures vanquished.

Notes
Turn   | Place    | Note
-------+----------+-------------------------------------------
     0 | D:1      | Leeroy the Merfolk Skald began the quest for the Orb.
     0 | D:1      | Reached XP level 1. HP: 16/16 MP: 3/3
     3 | D:1      | Noticed an electric eel
   236 | D:1      | Reached XP level 2. HP: 19/22 MP: 5/5
   513 | D:1      | Noticed an electric eel
   682 | D:2      | Reached skill level 1 in Armour
   700 | D:2      | Learned a level 2 spell: Shroud of Golubria
   930 | D:2      | Noticed Jessica
   939 | D:2      | Killed Jessica
   939 | D:2      | Reached skill level 2 in Polearms
   939 | D:2      | Reached XP level 3. HP: 25/27 MP: 6/6
   956 | D:2      | Learned a level 3 spell: Regeneration
  1017 | D:2      | Reached XP level 4. HP: 19/34 MP: 4/7
  1375 | D:2      | Found a glowing silver altar of Zin.
  1431 | D:2      | Reached skill level 1 in Stealth
  1483 | D:2      | Reached skill level 3 in Polearms
  1791 | D:2      | Reached XP level 5. HP: 28/39 MP: 8/8
  2077 | D:3      | Reached skill level 4 in Polearms
  2080 | D:3      | Slain by a worm

Vault maps used:
D:1:      arrival_aquarium_b
D:2:      zin_treasury, serial_forest, infiniplex_forest_clump_small,
          infiniplex_forest_lined_3_way, infiniplex_forest_corner_1,
          infiniplex_forest_straight_3, infiniplex_forest_straight_2,
          infiniplex_forest_clump_diagonal, infiniplex_forest_clump_small,
          infiniplex_forest_straight_3, uniq_jessica
D:3:      uniq_crazy_yiuf_cottage

Skill      XL: |  1  2  3  4  5 |
---------------+----------------+-----
Armour         | 1 |  1.3
Polearms       | 2 3 4 |  4.1
Dodging        | 3 |  3.1
Stealth        | 1 |  1.2
Fighting       | |  2.7
Long Blades    | |  2.7
Spellcasting   | |  2.3
Charms         | |  3.6

Action                   |  1- 3 |  4- 6 || total
-------------------------+-------+-------++-------
Melee: Falchion          |    10 |       ||    10
       Spear             |    74 |   132 ||   206
Throw: Stone             |     4 |       ||     4
 Cast: Infusion          |     1 |     1 ||     2
       Regeneration      |       |     2 ||     2
       Shroud of Golubri |       |     2 ||     2
  Use: Scroll            |     3 |       ||     3
       Potion            |       |     1 ||     1
 Stab: Sleeping          |     1 |       ||     1
  Eat: Chunk             |       |     2 ||     2
       Ration            |       |     1 ||     1
Armor: Leather armour    |    12 |       ||    12
       Robe              |     4 |    24 ||    28
Dodge: Dodged            |    67 |    80 ||   147
       Rpst.: Falchion   |     1 |       ||     1

Table legend:
 A = Non-vault XP
 B = Vault XP
 C = Vault XP percentage of total XP
 D = Non-vault monster count
 E = Vault monster count
 F = Vault count percentage of total count
                 A         B        C        D         E       F
            +---------+---------+-------+---------+---------+-------
      Total |     187 |      37 |  16.5 |      41 |       1 |   2.4
            +---------+---------+-------+---------+---------+-------
        D:1 |      13 |       0 |   0.0 |       7 |       0 |   0.0
        D:2 |     115 |      37 |  24.3 |      25 |       1 |   3.8
        D:3 |      59 |       0 |   0.0 |       9 |       0 |   0.0
            +---------+---------+-------+---------+---------+-------
